 Dungeon Crawl Stone Soup version 0.31-a0-986-g5e6e4ef867 (webtiles) character file.

Game seed: 312846513816248224

1 avis the Ducker (level 1, 9/9 HPs)
             Began as a Felid Artificer on Nov 7, 2023.
             Got out of the dungeon alive.
             The game lasted 00:00:47 (38 turns).

avis the Ducker (Felid Artificer)                     Turns: 38, Time: 00:00:48

Health: 9/9        AC:  1    Str:  8    XL:     1   Next: 16%
Magic:  2/2        EV: 18    Int: 12    God:
Gold:   0          SH:  0    Dex: 16    Spells: 0/0 levels left
                                        Lives:  0   Deaths: 1

rFire   . . .        (weapon unavailable)
rCold   . . .        (shield unavailable)
rNeg    . . .        (body armour unavailable)
rPois   .            (helmet unavailable)
rElec   .            (cloak unavailable)
rCorr   .            (gloves unavailable)
SInv    +            (boots unavailable)
Will    .....        (no amulet)
Stlth   ++           (no ring)
HPRegen 0.21/turn    (no ring)
MPRegen 0.08/turn

%: no passive effects
@: quick
A: very small, claws 1, fangs 3, see invisible, speed 1, shaggy fur 1, stealthy
paws, no weapons or thrown items, no armour, multi-lived
a: no special abilities


You escaped.
You visited 1 branch of the dungeon, and saw 1 of its levels.

Inventory:

Wands
 a - a wand of flame (15) (quivered)
 b - a wand of charming (15)
 c - a wand of iceblast (5)
Scrolls
 d - a scroll of identify {unknown}
Potions
 e - a potion of mutation {unknown}


   Skills:
 - Level 1.0 Fighting
 * Level 3.3 Dodging
 - Level 1.3 Stealth
 - Level 3.2 Evocations


You couldn't memorise any spells.
You didn't know any spells.
Your spell library was empty.

Dungeon Overview and Level Annotations

Branches:
Dungeon (1/15)

Altars:


Innate Abilities, Weirdness & Mutations

You have sharp claws.
You have razor-sharp teeth.
You have supernaturally acute eyesight. (SInv)
You cover ground quickly. (Speed+)
You are covered in fur. (AC +1)
Your paws help you pounce on unaware monsters.
You are incapable of wielding weapons or throwing items.
You cannot wear armour.
You gain extra lives every three experience levels.


Message History

Found an escape hatch in the floor.
d - a scroll labelled NIKHLI FEAFATU A ball python comes into view.
Found a robe.
You barely miss the ball python. The ball python barely misses you. x2
You scratch the ball python.
The ball python is severely wounded.
The ball python closely misses you. x2
You barely miss the ball python.
The ball python is severely wounded.
The ball python bites you. The ball python barely misses you.
The ball python misses you. The ball python completely misses you.
You scratch the ball python.
You kill the ball python!
e - a ruby potion You start resting.
HP restored.
There is a staircase leading out of the dungeon here.
There is an escape hatch in the floor here.
An endoplasm comes into view.
The endoplasm freezes you.
You are frozen.
Ouch! That really hurt!
You scratch the endoplasm.
The endoplasm is heavily wounded.
The endoplasm closely misses you.
You scratch the endoplasm but do no damage.
The endoplasm is heavily wounded.
The endoplasm freezes you.
You are frozen.
* * * LOW HITPOINT WARNING * * *
The endoplasm attacks as it pursues you!
The endoplasm hits you.
You die...
You rejoin the land of the living...
Found a dagger.
Found a faded altar of an unknown god.
A rat comes into view.
The endoplasm jiggles.
There is a staircase leading out of the dungeon here.
You have escaped!

#...... #########
#..... #.......#
#.... #.......##
#.#.#
#........#####.#.##
#.................#
..................##
##......#####.#J###
##.....# #...@##
#.._... ##..#.#
#...... #..>##
#....... ##.##
...#r.. #.### #.†J##
#....# #.#.## #.#.#


You could see an endoplasm.

Vanquished Creatures
  A ball python (D:1)
1 creature vanquished.

Notes
Turn   | Place    | Note
-------+----------+-------------------------------------------
     0 | D:1      | avis the Felid Artificer began the quest for the Orb.
     0 | D:1      | Reached XP level 1. HP: 9/9 MP: 2/2
    25 | D:1      | Slain by an endoplasm
    26 | D:1      | Found a faded altar of an unknown god.
    38 | D:$      | Got out of the dungeon alive.

Illustrated notes

Levels and vault maps discovered:
D:1:      onia_arrival_handbag, layout_rooms,
          ebering_ecumenical_altar_sacrificial, minivault_5

Action                     || total
---------------------------++-------
  Melee: Unarmed           ||     6
 Armour: Skin              ||     2
  Dodge: Dodged            ||     8

Table legend: (Time is in decaauts)
 A = Elapsed time spent in this place.
 B = Non-inter-level travel time spent in this place.
 C = Inter-level travel time spent in this place.
 D = Time resting spent in this place.
 E = Time spent auto-exploring this place.
 F = Levels seen in this place.
 G = Mean time per level.
                   A        B        C        D        E       F      G
               +--------+--------+--------+--------+--------+-----+--------+
         Total |     32 |     31 |      1 |      2 |      3 |   1 |   32.0 |
       Dungeon |     32 |     31 |      1 |      2 |      3 |   1 |   32.0 |
               +--------+--------+--------+--------+--------+-----+--------+

Top non-repeatable levels by time:
     D:1: 32 daAuts
